 Dungeon Crawl Stone Soup version 0.26.1-11-gd32895ea62 (webtiles) character file.

Game seed: 14243854972683289411

101 nightchill the Magician (level 4, -1/32 HPs)
             Began as a Gnoll Hedge Wizard on Apr 19, 2021.
             Slain by an adder (4 damage)
             ... on level 4 of the Dungeon on Apr 20, 2021.
             The game lasted 00:03:47 (2428 turns).

nightchill the Magician (Gnoll Hedge Wizard)        Turns: 2428, Time: 00:03:47

Health: -1/32      AC:  2    Str: 13    XL:     4   Next: 75%
Magic:  13/13      EV: 14    Int: 17    God:
Gold:   92         SH:  0    Dex: 14    Spells: 13/17 levels left

rFire    . . .     SeeInvis .   l - +2 dagger (drain)
rCold    . . .     Faith    .   (no shield)
rNeg     . . .     Spirit   .   b - +0 robe
rPois    .         Reflect  .   c - +0 hat
rElec    .         Harm     .   (no cloak)
rCorr    .         Rampage  .   (no gloves)
Will     .....                  (no boots)
Stlth    +++.......             (no amulet)
HPRegen  0.10/turn              (no ring)
MPRegen  0.13/turn              (no ring)

@: no status effects
A: distributed training, fangs 1, strong nose
a: no special abilities


You were on level 4 of the Dungeon.
You visited 1 branch of the dungeon, and saw 4 of its levels.

You collected 92 gold pieces.

Inventory:

Hand Weapons
 a - a +0 dagger
 l - a +2 dagger of draining (weapon)
Missiles
 k - 5 silver boomerangs
Armour
 b - a +0 robe (worn)
 c - a +0 hat (worn)
Magical Staves
 m - an uncursed staff of death
Wands
 o - a wand of acid (9)
Scrolls
 f - a scroll of teleportation {unknown}
 g - 2 scrolls of immolation {unknown}
 h - a scroll of identify {unknown}
 j - a scroll of enchant armour {unknown}
 n - a scroll of remove curse {unknown}
Potions
 d - a potion of resistance {unknown}
 e - 2 potions of curing
 i - a potion of berserk rage {unknown}


   Skills:
 + Level 1.2 Fighting
 + Level 1.2 Short Blades
 + Level 1.2 Long Blades
 + Level 1.2 Axes
 + Level 1.2 Maces & Flails
 + Level 1.2 Polearms
 + Level 1.2 Staves
 + Level 1.2 Slings
 + Level 1.2 Bows
 + Level 1.2 Crossbows
 + Level 1.2 Throwing
 + Level 1.2 Armour
 + Level 4.7 Dodging
 + Level 4.3 Stealth
 + Level 1.2 Shields
 + Level 1.2 Unarmed Combat
 + Level 7.2 Spellcasting
 + Level 2.3 Conjurations
 + Level 1.0 Hexes
 + Level 2.3 Summonings
 + Level 1.0 Necromancy
 + Level 2.3 Translocations
 + Level 1.0 Transmutations
 + Level 1.0 Fire Magic
 + Level 1.0 Ice Magic
 + Level 1.0 Air Magic
 + Level 1.0 Earth Magic
 + Level 1.0 Poison Magic
 + Level 1.3 Invocations
 + Level 1.2 Evocations


You had 13 spell levels left.
You knew the following spells:

 Your Spells              Type           Power        Failure   Level
a - Magic Dart            Conj           52%          4%          1
b - Mephitic Cloud        Conj/Pois/Air  11%          19%         3

Your spell library contained the following spells:

 Spells                   Type           Power        Failure   Level
 Blink                    Tloc           N/A          7%          2
 Call Imp                 Summ           13%          7%          2
 Slow                     Hex            9%           11%         2
 Conjure Flame            Conj/Fire      11%          17%         3


Dungeon Overview and Level Annotations

Branches:
Dungeon (3/15)

Altars:
Trog

Annotations:
D:1 exclusion: downstairs
D:2 1 exclusion


Innate Abilities, Weirdness & Mutations

Your experience applies equally to all skills.
You have very sharp teeth.
Your uncanny sense of smell can sniff out nearby items.


Message History

You feel sick. The adder barely misses you.
You feel sick. The adder bites you but does no damage.
The adder skeleton bites you but does no damage.
Found a ring mail.
You see here a scroll labelled BAGELI MUIPHEB.
The adder skeleton misses you. The adder barely misses you.
You feel sick.
You are no longer poisoned.
Found a robe.
Found a stone staircase leading down.
Found a scroll labelled BAGELI MUIPHEB and a potion of curing.
Found a stone staircase leading up.
A scorpion comes into view.
The adder barely misses you.
There is a stone staircase leading up here.
The adder bites you.
* * * LOW HITPOINT WARNING * * *
The adder bites you.
You die...

#.....?.######.........
#.......# #.........
#.......# #.........
#.......# #.........
#.......# #.........
#####.### ##........
######..## ###.......
#.....ZS.##....
.....###
........@.......
.#....[.?s##....
....>....... ...
..........#!.###
####..######.# #.# .#
.. # ##


You could see a scorpion, an adder and an adder skeleton.

Vanquished Creatures
  A worker ant (D:1)
  2 adders
  A white imp (D:2)
  2 worms (D:2)
  A dart slug (D:2)
  An orc (D:3)
  A giant cockroach (D:1)
  5 goblins
  5 hobgoblins
  2 jackals (D:4)
  A ball python (D:1)
  12 bats
  3 frilled lizards
  8 kobolds
  5 rats
50 creatures vanquished.

Notes
Turn   | Place    | Note
-------+----------+-------------------------------------------
     0 | D:1      | nightchill the Gnoll Hedge Wizard began the quest for the
                  | Orb.
     0 | D:1      | Reached XP level 1. HP: 13/13 MP: 8/8
   244 | D:1      | Reached XP level 2. HP: 19/19 MP: 5/10
   740 | D:1      | Reached skill level 1 in Invocations
   740 | D:1      | Reached XP level 3. HP: 18/25 MP: 2/11
  1024 | D:2      | Reached skill level 1 in Fighting
  1024 | D:2      | Reached skill level 1 in Short Blades
  1024 | D:2      | Reached skill level 1 in Long Blades
  1024 | D:2      | Reached skill level 1 in Axes
  1024 | D:2      | Reached skill level 1 in Maces & Flails
  1024 | D:2      | Reached skill level 1 in Polearms
  1024 | D:2      | Reached skill level 1 in Staves
  1024 | D:2      | Reached skill level 1 in Slings
  1024 | D:2      | Reached skill level 1 in Bows
  1024 | D:2      | Reached skill level 1 in Crossbows
  1024 | D:2      | Reached skill level 1 in Throwing
  1024 | D:2      | Reached skill level 1 in Armour
  1024 | D:2      | Reached skill level 1 in Shields
  1024 | D:2      | Reached skill level 1 in Unarmed Combat
  1024 | D:2      | Reached skill level 1 in Evocations
  1024 | D:2      | Reached XP level 4. HP: 32/32 MP: 5/13
  1336 | D:2      | Learned a level 3 spell: Mephitic Cloud
  2270 | D:2      | Noticed a moth of wrath
  2273 | D:2      | Found a bloodstained altar of Trog.
  2328 | D:3      | Reached skill level 1 in Hexes
  2328 | D:3      | Reached skill level 1 in Necromancy
  2328 | D:3      | Reached skill level 1 in Transmutations
  2328 | D:3      | Reached skill level 1 in Fire Magic
  2328 | D:3      | Reached skill level 1 in Ice Magic
  2328 | D:3      | Reached skill level 1 in Air Magic
  2328 | D:3      | Reached skill level 1 in Earth Magic
  2328 | D:3      | Reached skill level 1 in Poison Magic
  2390 | D:3      | You fall into a shaft and drop 1 floor!
  2428 | D:4      | Slain by an adder

Illustrated notes

Levels and vault maps discovered:
D:1:      dpeg_arrival_stone_temple_mockup, layout_rooms, minmay_splitting_lines
D:2:      layout_rooms, tgw_trog
D:3:      layout_rooms, uniq_grinder
D:4:      layout_rooms, minmay_misc_feat_ornament

Skill      XL: |  1  2  3  4 |
---------------+-------------+-----
Conjurations   | 2 |  2.3
Summonings     | 2 |  2.3
Translocations | 2 |  2.3
Invocations    | 1 |  1.3
Fighting       | 1 |  1.2
Short Blades   | 1 |  1.2
Long Blades    | 1 |  1.2
Axes           | 1 |  1.2
Maces & Flails | 1 |  1.2
Polearms       | 1 |  1.2
Staves         | 1 |  1.2
Slings         | 1 |  1.2
Bows           | 1 |  1.2
Crossbows      | 1 |  1.2
Throwing       | 1 |  1.2
Armour         | 1 |  1.2
Shields        | 1 |  1.2
Unarmed Combat | 1 |  1.2
Evocations     | 1 |  1.2
Hexes          | 1 |  1.0
Necromancy     | 1 |  1.0
Transmutations | 1 |  1.0
Fire Magic     | 1 |  1.0
Ice Magic      | 1 |  1.0
Air Magic      | 1 |  1.0
Earth Magic    | 1 |  1.0
Poison Magic   | 1 |  1.0
Dodging        | |  4.7
Stealth        | |  4.3
Spellcasting   | |  7.2

Action                   |  1- 3 |  4- 6 || total
-------------------------+-------+-------++-------
Melee: Dagger            |     5 |    11 ||    16
 Cast: Magic Dart        |    64 |    67 ||   131
  Use: Potion            |     2 |       ||     2
Armor: Robe              |     7 |    10 ||    17
Dodge: Dodged            |    18 |    31 ||    49
